 Dungeon Crawl Stone Soup version bcrawl-1.39.1 (webtiles) character file.

Game seed: 4536848022136689967

315434 Finalfun the Conjurer (level 10, 0/56 HPs)
             Began as a Twilight Stalker Archaeologist on Sept 26, 2023.
             Was a High Priest of Sif Muna.
             Slain by a komodo dragon (22 damage)
             ... on level 1 of the Lair of Beasts.
             The game lasted 00:28:39 (9019 turns).

Finalfun the Conjurer (VSAc)                        Turns: 9019, Time: 00:28:40

Health: 0/56       AC: 17    Str: 17    XL:     10   Next: 92%
Magic:  20/20      EV: 11    Int: 15    God:    Sif Muna [*****.]
Gold:   695        SH:  9    Dex: 12    Spells: 14/21 levels left

rFire    . . .     GDR:     24% a - +2 spear (pierce)
rCold    . . .     SeeInvis .   D - +0 buckler
rNeg     + . .     Gourm    .   p - +2 robe {MR+}
rPois    .         Faith    .   d - +1 hat
rElec    .         Spirit   .   N - +2 ratskin cloak {+Rats rN+}
rCorr    .         Reflect  +   I - +0 pair of gloves
MR       ++...                  n - +1 pair of boots
Stlth    ++++......             w - +5 amulet of reflection
HPRegen  0.59/turn              O - +6 ring of protection
MPRegen  0.17/turn              (no ring)

@: no status effects
A: fangs 3, nightstalker 1, regeneration 1, no potion heal 3, rot immunity,
draining bite, strong jaws, assimilated armour
a: Divine Energy, Channel Magic, Forget Spell, Moment of Magic, Renounce
Religion, Evoke Ratskin


You were on level 1 of the Lair of Beasts.
You worshipped Sif Muna.
Sif Muna was extremely pleased with you.
You were hungry.

You visited 2 branches of the dungeon, and saw 9 of its levels.
You also visited: Sewer.

You collected 695 gold pieces.

Inventory:

Hand Weapons
 a - a +2 spear of piercing (weapon)
 b - a +0 blowgun
Missiles
 f - 6 curare-tipped needles
 m - 1714 arrows
 q - 2801 stones
 F - 164 poisoned tomahawks (quivered)
Armour
 d - a +1 hat (worn)
 n - a +1 pair of boots (worn)
 p - a +2 robe of magic resistance (worn)
 D - a +0 buckler (worn)
 I - a +0 pair of gloves (worn)
 N - the +2 ratskin cloak (worn) {+Rats rN+}
   (You found it on level 7 of the Dungeon)

   It protects you from negative energy.
Jewellery
 w - a +5 amulet of reflection (around neck)
 x - the ring of Xyqets {rElec MR+ Int-4 Stlth--}
   (You found it on level 3 of the Dungeon)

   [ring of attention]

   It affects your intelligence (-4).
   It insulates you from electricity.
   It affects your resistance to hostile enchantments.
   It makes you much less stealthy.
 L - an uncursed amulet of magic regeneration
 O - a +6 ring of protection (left hand)
Wands
 h - a wand of clouds (16)
 y - a wand of acid (7)
 H - a wand of polymorph (10)
 K - a wand of digging (5)
Scrolls
 c - 4 scrolls of teleportation
 g - a scroll of fog
 i - a scroll of silence {unknown}
 j - 3 scrolls of fear
 k - 11 scrolls of remove curse
 l - 4 scrolls of enchant weapon
 o - 2 scrolls of amnesia
 t - 2 scrolls of blinking
 v - 6 scrolls of revelation
 E - a scroll of enchant armour {unknown}
 P - a scroll of immolation {unknown}
Potions
 r - 3 potions of brilliance
 s - a potion of haste
 u - 4 potions of curing
 z - a potion of cancellation
 A - a potion of lignification
 B - a potion of invisibility {unknown}
 C - 2 potions of flight
 G - a potion of ambrosia
 J - a potion of resistance
Comestibles
 e - 10 rations {!d}


   Skills:
 - Level 4.0 Fighting
   Level 2.0 Maces & Flails
 - Level 5.0 Polearms
 - Level 3.2 Dodging
 - Level 4.4 Stealth
 + Level 1.3 Shields
 - Level 6.0 Spellcasting
 + Level 7.4 Conjurations
 + Level 7.4 Fire Magic
 + Level 4.0 Invocations
 - Level 5.0 Evocations


You had 14 spell levels left.
You knew the following spells:

 Your Spells              Type           Power        Failure   Level  Hunger
a - Fireball              Conj/Fire      ####......   43%         5    #####..
b - Passwall              Tmut/Erth      #.......     47%         2    None

Your spell library contained the following spells:

 Spells                   Type           Power        Failure   Level  Hunger
 Flame Tongue             Conj/Fire      ####.        1%          1    None
 Magic Dart               Conj           ####         1%          1    None
 Conjure Flame            Conj/Fire      ####....     4%          3    ##.....
 Sting                    Conj/Pois      ###.         8%          1    None
 Flaming Arrows           Chrm/Fire      ###.....     12%         2    None
 Sticky Flame             Conj/Fire      ####....     17%         4    ####...
 Inner Flame              Hex/Fire       N/A          24%         3    ##.....
 Beastly Appendage        Tmut           #.....       34%         1    None
 Freeze                   Ice            #.....       34%         1    None
 Infusion                 Chrm           #.......     34%         1    None
 Sandblast                Erth           #.....       34%         1    None
 Static Discharge         Air            #.....       34%         1    None
 Summon Butterflies       Summ           #.......     34%         1    None
 Ignite Poison            Fire/Tmut/Pois ##......     36%         3    ##.....
 Mephitic Cloud           Conj/Pois/Air  ##......     36%         3    ##.....
 Blink                    Tloc           N/A          47%         2    None
 Call Imp                 Summ           #.....       47%         2    None
 Poisonous Vapours        Pois/Air       #.....       47%         2    None
 Shackle                  Hex            #.......     47%         2    None
 Sticks to Snakes         Tmut           #.......     47%         2    None
 Fulminant Prism          Conj/Hex       ###.......   61%         4    ####...
 Spider Form              Tmut/Pois      #..          71%         3    ##.....
 Iskenderun's Battlesphe  Conj/Chrm      ###.....     91%         5    #####..
 Steam Barrier            Chrm/Fire      ###.......   91%         5    #####..
 Venom Bolt               Conj/Pois      ###.......   91%         5    #####..
 Ice Form                 Ice/Tmut       #.......     98%         4    ####...
 Olgreb's Toxic Radiance  Pois           #........    98%         4    ####...
 Summon Scorpions         Summ/Pois      #.......     98%         4    ####...
 Blade Hands              Tmut           #.........   100%        5    #####..
 Piercing Shot            Chrm           #.........   100%        5    #####..
 Invisibility             Hex            #.......     100%        6    #######
 Time Stop                Chrm/Tloc      N/A          100%        8    #######


Dungeon Overview and Level Annotations

Branches:
Dungeon (8/12)             Temple (0/1) D:5            Lair (1/6) D:8
    Orc: D:8-11

Altars:
Cheibriados
Elyvilon
Hepliaklqana
Nemelex Xobeh
Okawaru
Sif Muna
Trog

Shops:
D:6 *

Annotations:
D:7 1 transporter


Innate Abilities, Weirdness & Mutations

You have razor-sharp teeth.
You are slightly more attuned to the shadows.
Your natural rate of healing is unusually fast.
Potions cannot restore your health.
You are immune to rotting.
Your bite drains your enemy's life force.
Your bites deal extra damage.
Your stealth is less affected by armour.


Message History

Okay, then.
As you read the scroll of teleportation, it crumbles to dust.
You feel strangely unstable. The wolf closely misses you.
The wolf bites you but does no damage.
A wolf comes into view.
The wolf bites you but does no damage. The wolf closely misses you.
The wolf bites you.
The wolf moves out of view.
You barely miss the wolf. You bite the wolf, but do no damage.
The wolf is lightly wounded.
The wolf barely misses you. You block the wolf's attack. x2
The wolf barely misses you. You block the wolf's attack.
You hit the wolf.
Ssssck.
You bite the wolf!
The wolf is severely wounded.
You block the wolf's attack. x2; The wolf bites you but does no damage. x2
You puncture the wolf!
You kill the wolf!
Sif Muna accepts your kill.
Your surroundings suddenly seem different.
The komodo dragon bites you!!
You die...

## #.# .# ..#
.##.# # ..
.....###
.#.##..#...##
..l..........
#...@# ###l##
... #PP..
...... .##.>.
....


You could see 2 komodo dragons.

Vanquished Creatures
  A manticore (D:7)
  3 cane toads (D:8)
  A black mamba (Lair:1)
  A komodo dragon (D:6)
  A hornet (D:7)
  A hippogriff (D:8)
  2 blink frogs (Lair:1)
  2 wyverns
  A hungry ghost (D:8)
  2 wargs (D:8)
  Menkaure (D:5)
  A hornet zombie (D:8)
  3 orc warriors
  A black bear (D:8)
  2 phantoms
  A sky beast (D:5)
  An ogre (D:7)
  3 bullfrogs
  3 wolves (Lair:1)
  A kobold brigand (Sewer)
  A gnoll sergeant (D:6)
  A centaur (D:8)
  2 scorpions
  5 wights (D:8)
  5 orc priests
  4 crimson imps
  A hound (D:4)
  A jelly (D:7)
  5 orc wizards
  3 bullfrog skeletons
  Jessica (D:2)
  2 iguanas
  3 hell rats (D:7)
  3 worker ants
  A killer bee zombie (D:6)
  A hound zombie (D:4)
  A howler monkey zombie (D:8)
  4 gnolls (D:8)
  12 adders
  5 river rats
  A shadow imp (D:8)
  5 oozes (Sewer)
  An adder skeleton (D:4)
  3 worms
  3 dart slugs
  9 leopard geckos
  29 orcs
  3 ball pythons
  5 giant cockroaches
  5 goblins
  8 hobgoblins
  16 jackals
  2 quokkas (D:2)
  6 bats
  3 frilled lizards
  A jackal skeleton (D:6)
  8 kobolds
  21 rats
222 creatures vanquished.

Vanquished Creatures (others)
  3 fungi (Lair:1)
  3 plants
6 creatures vanquished.

Grand Total: 228 creatures vanquished

Notes
Turn   | Place    | Note
-------+----------+-------------------------------------------
     0 | D:1      | Finalfun the Vine Stalker Archaeologist began the quest for
                  | the Orb.
     0 | D:1      | Reached XP level 1. HP: 11/11 MP: 2/2
   109 | D:1      | Reached skill level 1 in Fighting
   109 | D:1      | Reached skill level 1 in Maces & Flails
   167 | D:1      | Reached XP level 2. HP: 16/16 MP: 3/3
   610 | D:1      | Reached skill level 1 in Polearms
   676 | D:1      | Reached XP level 3. HP: 20/20 MP: 4/4
   977 | D:2      | Noticed a phantom
  1016 | D:2      | Killed a phantom
  1017 | D:2      | Reached XP level 4. HP: 19/25 MP: 5/5
  1017 | D:2      | Reached XP level 5. HP: 22/29 MP: 6/6
  1017 | D:2      | Identified a scroll of acquirement
  1158 | D:2      | Noticed Jessica
  1166 | D:2      | Killed Jessica
  1293 | D:2      | Found a snail-covered altar of Cheibriados.
  1300 | D:2      | Reached skill level 1 in Evocations
  1422 | D:2      | Found a bloodstained altar of Trog.
  2053 | D:3      | Found a glowing drain.
  2076 | Sewer    | Entered a sewer
  2163 | Sewer    | Gained mutation: You have razor-sharp teeth. [Vine Stalker
                  | growth]
  2163 | Sewer    | Reached XP level 6. HP: 34/34 MP: 8/8
  2730 | D:3      | Got a smoking lead ring
  2731 | D:3      | Identified the cursed ring of Xyqets {rElec MR+ Int-4
                  | Stlth--} (You found it on level 3 of the Dungeon)
  3223 | D:4      | Reached XP level 7. HP: 38/38 MP: 10/10
  3497 | D:4      | Found a shimmering blue altar of Sif Muna.
  3507 | D:4      | Became a worshipper of Sif Muna the Loreminder
  3639 | D:4      | Reached skill level 5 in Polearms
  3945 | D:5      | Entered Level 5 of the Dungeon
  4160 | D:5      | Noticed Menkaure
  4174 | D:5      | Killed Menkaure
  4175 | D:5      | Gained mutation: Your bite drains your enemy's life force.
                  | [Twilight Stalker growth]
  4175 | D:5      | Gained mutation: Your stealth is less affected by armour.
                  | [Twilight Stalker growth]
  4175 | D:5      | Gained mutation: You are slightly more attuned to the
                  | shadows. [Twilight Stalker growth]
  4175 | D:5      | Reached XP level 8. HP: 13/47 MP: 11/12
  4281 | D:5      | Found a staircase to the Ecumenical Temple.
  4302 | D:5      | Learned a level 5 spell: Fireball
  4621 | D:6      | Reached skill level 1 in Conjurations
  4621 | D:6      | Reached skill level 1 in Fire Magic
  4758 | D:6      | Found Beitoan's General Store.
  4763 | D:6      | Noticed a komodo dragon
  4847 | D:6      | Killed a komodo dragon
  4848 | D:6      | Reached * piety under Sif Muna
  4848 | D:6      | Reached skill level 5 in Evocations
  5607 | D:7      | Reached skill level 1 in Spellcasting
  5607 | D:7      | Reached XP level 9. HP: 50/52 MP: 13/13
  5624 | D:7      | Found a sparkling altar of Nemelex Xobeh.
  5624 | D:7      | Noticed a deep elf mage
  5625 | D:7      | Found a transporter.
  5738 | D:7      | Reached ** piety under Sif Muna
  5752 | D:7      | Identified Sif Muna's Arcane Arts, Part One (Sif Muna
                  | gifted it to you on level 7 of the Dungeon)
  5752 | D:7      | Received a gift from Sif Muna
  5760 | D:7      | Learned a level 2 spell: Passwall
  5929 | D:4      | Got Sif Muna's Disquisition on Poison
  5931 | D:4      | Got Sif Muna's Reference Book on Lightness
  5934 | D:4      | Got Sif Muna's Compendium of Ice
  6120 | D:7      | Found an iron altar of Okawaru.
  6188 | D:7      | Found a sparkling altar of Nemelex Xobeh.
  6189 | D:7      | Found a white marble altar of Elyvilon.
  6196 | D:7      | Found a hazy altar of Hepliaklqana.
  6214 | D:7      | Noticed a hornet
  6226 | D:7      | Killed a hornet
  6278 | D:7      | Noticed a manticore
  6296 | D:7      | Killed a manticore
  6297 | D:7      | Reached skill level 5 in Conjurations
  6684 | D:7      | Reached skill level 5 in Fire Magic
  6688 | D:7      | Reached *** piety under Sif Muna
  6697 | D:7      | Found the +2 ratskin cloak {+Rats rN+}
  7251 | D:8      | Reached XP level 10. HP: 56/56 MP: 18/18
  7278 | D:8      | Reached **** piety under Sif Muna
  7278 | D:8      | Reached skill level 5 in Spellcasting
  7292 | D:8      | Found a staircase to the Lair.
  7325 | D:8      | Reached skill level 1 in Invocations
  7552 | D:8      | Identified Sif Muna's Disquisition on Curses (Sif Muna
                  | gifted it to you on level 8 of the Dungeon)
  7552 | D:8      | Received a gift from Sif Muna
  8258 | Lair:1   | Entered Level 1 of the Lair of Beasts
  8258 | Lair:1   | Noticed a cane toad
  8265 | Lair:1   | Noticed a cane toad
  8280 | D:8      | Killed a cane toad
  8465 | D:8      | Killed a cane toad
  8534 | Lair:1   | Noticed a cane toad
  8545 | D:8      | Killed a cane toad
  8546 | D:8      | Reached ***** piety under Sif Muna
  8651 | Lair:1   | Noticed a black mamba
  8664 | Lair:1   | Killed a black mamba
  8996 | Lair:1   | Reached skill level 1 in Shields
  9019 | Lair:1   | Slain by a komodo dragon

Skill      XL: |  1  2  3  4  5  6  7  8  9 10 |
---------------+-------------------------------+-----
Fighting       | 1 3 4 |  4.0
Maces & Flails | 1 2 |  2.0
Polearms       | 1 3 4 5 |  5.0
Evocations     | 1 3 4 5 |  5.0
Conjurations   | 4 6 7 |  7.4
Fire Magic     | 3 5 7 |  7.4
Spellcasting   | 1 4 6 |  6.0
Invocations    | 4 |  4.0
Shields        | 1 |  1.3
Dodging        | |  3.2
Stealth        | |  4.4

Action                   |  1- 3 |  4- 6 |  7- 9 | 10-12 || total
-------------------------+-------+-------+-------+-------++-------
Melee: Whip              |    36 |       |       |       ||    36
       Bite              |     7 |    11 |    44 |    41 ||   103
       Spear             |    35 |   242 |   350 |   193 ||   820
Throw: Stone             |    10 |    34 |       |       ||    44
       Tomahawk          |       |       |    13 |    13 ||    26
 Cast: Passwall          |       |       |     2 |       ||     2
Evoke: Wand              |       |       |       |     1 ||     1
  Use: Scroll            |     4 |     8 |     6 |     4 ||    22
       Potion            |     1 |       |       |     1 ||     2
 Stab: Sleeping          |     6 |     3 |    18 |     2 ||    29
       Distracted        |       |     1 |     2 |       ||     3
  Eat: Chunk             |     2 |    14 |    15 |     5 ||    36
       Ration            |       |       |     2 |     1 ||     3
Armor: Robe              |    16 |       |       |    28 ||    44
       Ring mail         |     4 |    62 |    86 |    23 ||   175
       Skin              |       |       |       |     7 ||     7
Dodge: Dodged            |    25 |   101 |   129 |    87 ||   342
Block: Other             |       |       |    34 |    20 ||    54
       Buckler           |       |       |       |    31 ||    31
